 Dungeon Crawl Stone Soup version 0.31-a0-702-gf82c85558f (webtiles) character file.

Game seed: 644888169058531629

184 qw the Shooter (level 5, -1/32 HPs)
             Began as a Gargoyle Hunter on Sept 7, 2023.
             Slain by a mummy (11 damage)
             ... in an ossuary.
             The game lasted 00:01:04 (2373 turns).

qw the Shooter (Gargoyle Hunter)                    Turns: 2373, Time: 00:01:04

Health: -1/32      AC:  9    Str: 21    XL:     5   Next: 63%
Magic:  5/5        EV: 11    Int:  9    God:
Gold:   118        SH:  0    Dex: 15    Spells: 4/4 levels left

rFire   . . .        Y - +0 shortbow
rCold   . . .        (shield currently unavailable)
rNeg    + + .        h - +0 ring mail
rPois   inf          (no helmet)
rElec   +            (no cloak)
rCorr   .            (no gloves)
SInv    .            (no boots)
Will    +....        (no amulet)
Stlth   +            a - +6 ring of strength
HPRegen 0.25/turn    c - ring of Makhleb's Benevolence {rN+ Will+}
MPRegen 0.09/turn

%: no passive effects
@: no status effects
A: sickness immunity, AC +4, negative energy resistance 1, electricity
resistance, torment resistance 1, petrification resistance
a: no special abilities


You were in an ossuary.
You visited 1 branch of the dungeon, and saw 4 of its levels.
You also visited: Ossuary.

You collected 118 gold pieces.


Innate Abilities, Weirdness & Mutations

You are immune to sickness and miasma.
Your stone body is resilient. (AC +4)
You are immune to poison.
You resist negative energy. (rN+)
You are resistant to electric shocks. (rElec)
You are resistant to unholy torment.
You are immune to petrification.


   Skills:
 + Level 3.3 Fighting
 - Level 6.0 Ranged Weapons
 - Level 1.3 Armour
 - Level 1.5 Dodging
 - Level 1.1 Stealth


You had 4 spell levels left.
You didn't know any spells.
Your spell library was empty.

Inventory:

Hand Weapons
 Y - a +0 shortbow (weapon)
Armour
 h - a +0 ring mail (worn)
Jewellery
 a - a +6 ring of strength (left hand)
 c - the ring of Makhleb's Benevolence (right hand) {rN+ Will+}
   (You found it on level 3 of the Dungeon)

   [ring of willpower]

   rN+:       It protects you from negative energy.
   Will+:     It increases your willpower.
Scrolls
 f - 3 scrolls of identify
Potions
 b - a potion of might
 d - a potion of curing
 j - a potion of heal wounds

Dungeon Overview and Level Annotations

Branches:
Dungeon (4/15)            Ossuary (1/1)
 Temple: D:4-7

Altars:


Message History

You shoot an arrow. The arrow hits the mummy.
The mummy is almost destroyed.
You shoot an arrow. The arrow barely misses the mummy.
The mummy barely misses you.
You shoot an arrow. The arrow hits the mummy.
You destroy the mummy!
An elf zombie and a mummy come into view.
You shoot an arrow.
The arrow closely misses the elf zombie.
You shoot an arrow.
The arrow closely misses the elf zombie.
You shoot an arrow. The arrow hits the elf zombie.
The elf zombie is lightly damaged.
You shoot an arrow. The arrow barely misses the elf zombie.
You shoot an arrow.
The arrow closely misses the elf zombie.
You shoot an arrow. The arrow barely misses the elf zombie.
The elf zombie hits you.
You shoot an arrow. The arrow hits the elf zombie!
The elf zombie is lightly damaged.
The elf zombie hits you but does no damage.
You shoot an arrow. The arrow hits the elf zombie.
The elf zombie is moderately damaged.
You shoot an arrow.
The arrow hits the elf zombie but does no damage.
The elf zombie is moderately damaged.
The elf zombie barely misses you. The mummy hits you!
You shoot an arrow.
The arrow closely misses the elf zombie.
The elf zombie hits you but does no damage.
The mummy hits you.
You shoot an arrow. The arrow hits the elf zombie.
The elf zombie is moderately damaged.
The elf zombie closely misses you. The mummy hits you.
You shoot an arrow. The arrow hits the elf zombie.
The elf zombie is moderately damaged.
The elf zombie hits you but does no damage.
You shoot an arrow. The arrow barely misses the elf zombie.
The mummy hits you!
You die...

...........
##.........##
#...........
##.........##
#...........#
##.........##
#......ZM...#
##......@..##
#...........#
#####...#####
#...# ##...##
##.....##
#...\...#
#.......#
#...\...#


You could see a mummy and an elf zombie.

Vanquished Creatures
  A scorpion (D:4)
  A mummy (Ossuary)
  An adder (D:2)
  An ufetubus (D:3)
  2 dart slugs
  2 orcs
  9 bats
  8 endoplasms
  4 giant cockroaches
  2 gnoll zombies (Ossuary)
  10 goblins
  6 hobgoblins
  5 jackals
  5 kobolds
  5 quokkas
  9 ball pythons
  A frilled lizard (D:3)
  3 hobgoblin zombies (Ossuary)
  2 orc zombies (Ossuary)
  5 rats
82 creatures vanquished.

Notes
Turn   | Place    | Note
-------+----------+-------------------------------------------
     0 | D:1      | qw the Gargoyle Hunter began the quest for the Orb.
     0 | D:1      | Reached XP level 1. HP: 12/12 MP: 1/1
     0 | D:1      | 0 ||| qw: Version: 0.3-a-76-g4403597
     0 | D:1      | 0 ||| qw: Game counter: 906
     0 | D:1      | 0 ||| qw: Melee chars always use a shield: true
     0 | D:1      | 0 ||| qw: God list: Okawaru
     0 | D:1      | 0 ||| qw: Allow faded altars: false
     0 | D:1      | 0 ||| qw: Do Orc after clearing Dungeon:15 true
     0 | D:1      | 0 ||| qw: Do second Lair branch before Depths: true
     0 | D:1      | 0 ||| qw: Lair rune preference: random
     0 | D:1      | 0 ||| qw: Goals: Normal
     0 | D:1      | 0 ||| PLANNING D:1-11
     6 | D:1      | 6 ||| Stepping ~*~*~tactically~*~*~ (water).
    28 | D:1      | 28 ||| Stepping ~*~*~tactically~*~*~ (outnumbered).
    39 | D:1      | Reached XP level 2. HP: 17/17 MP: 2/2
   376 | D:1      | Reached XP level 3. HP: 21/21 MP: 3/3
   563 | D:1      | Reached skill level 5 in Ranged Weapons
   783 | D:1      | 783 ||| UPGRADING to +0 ring mail.
   793 | D:1      | 793 ||| DROPPING +0 leather armour.
   794 | D:1      | 794 ||| READING scroll labelled GOTRADGH VAFFO.
   795 | D:1      | 795 ||| READING 2 scrolls labelled XALIAG VASKA.
   796 | D:1      | 796 ||| READING scroll labelled XOARUACEIWA.
   797 | D:1      | 797 ||| READING scroll labelled NOADUSM ONORESTOI.
   798 | D:1      | 798 ||| DRINKING 2 metallic cyan potions.
   799 | D:1      | 799 ||| DROPPING scroll of butterflies.
   863 | D:2      | Reached skill level 1 in Armour
   919 | D:2      | Found a faded altar of an unknown god.
  1230 | D:2      | Reached XP level 4. HP: 27/27 MP: 4/4
  1363 | D:2      | 1363 ||| UPGRADING to +6 ring of strength.
  1364 | D:2      | 1364 ||| READING 3 scrolls of identify.
  1364 | D:2      | 1364 ||| IDENTIFYING green potion
  1365 | D:2      | 1365 ||| READING 2 scrolls of identify.
  1365 | D:2      | 1365 ||| IDENTIFYING bubbling clear potion
  1420 | D:3      | Reached skill level 3 in Fighting
  1791 | D:3      | Identified the ring of Makhleb's Benevolence {rN+ Will+}
  2190 | D:3      | 2190 ||| UPGRADING to ring of Makhleb's Benevolence {rN+
                  | Will+}.
  2191 | D:3      | 2191 ||| DROPPING ring of positive energy.
  2192 | D:3      | 2192 ||| READING scroll labelled RAOTYS NIO.
  2249 | D:4      | 2249 ||| PLANNING OSSUARY
  2300 | D:4      | Noticed a scorpion
  2305 | D:4      | Killed a scorpion
  2306 | D:4      | Reached skill level 6 in Ranged Weapons
  2306 | D:4      | Reached XP level 5. HP: 32/32 MP: 5/5
  2327 | D:4      | Found a sand-covered staircase.
  2332 | Ossuary  | Entered an ossuary
  2373 | Ossuary  | Slain by a mummy

Levels and vault maps discovered:
D:1:      lightli_arrival_boilingwater, layout_basic
D:2:      layout_rooms, shapermc_ecumenical_altar_pompeii
D:3:      layout_basic, grunt_ministairs_2, amcnicky_mini_rare_corridor_liquid
D:4:      layout_basic, enter_ossuary_2
Ossuary:  minmay_ossuary_gauntlet

Skill      XL: |  1  2  3  4 |
---------------+-------------+-----
Ranged Weapons | 5 6 |  6.0
Armour         | 1 |  1.3
Fighting       | 3 |  3.3
Dodging        | |  1.5
Stealth        | |  1.1

Action                     |  1- 3 |  4- 6 || total
---------------------------+-------+-------++-------
   Fire: Shortbow          |   139 |   142 ||   281
    Use: Scroll            |     4 |     3 ||     7
         Potion            |     1 |       ||     1
 Armour: Leather armour    |    13 |       ||    13
         Ring mail         |    26 |    29 ||    55
  Dodge: Dodged            |    36 |    24 ||    60

Table legend:
 A = Non-vault XP
 B = Vault XP
 C = Vault XP percentage of total XP
 D = Non-vault monster count
 E = Vault monster count
 F = Vault count percentage of total count
                 A         B        C        D         E       F
            +---------+---------+-------+---------+---------+-------
      Total |     235 |      28 |  10.6 |      73 |       9 |  11.0
            +---------+---------+-------+---------+---------+-------
        D:1 |      46 |       0 |   0.0 |      27 |       0 |   0.0
        D:2 |      40 |       0 |   0.0 |      16 |       0 |   0.0
        D:3 |      53 |       1 |   1.9 |      25 |       1 |   3.8
        D:4 |      96 |       0 |   0.0 |       5 |       0 |   0.0
    Ossuary |       0 |      27 | 100.0 |       0 |       8 | 100.0
            +---------+---------+-------+---------+---------+-------
